 Dungeon Crawl Stone Soup version 0.31-a0-216-g22e908daa7 (webtiles) character file.

Game seed: 14745294037431009301

69 qw the Shooter (level 4, -8/37 HPs)
             Began as a Minotaur Hexslinger on July 2, 2023.
             Mangled by a gnoll
             ... wielding a +0 halberd
              (11 damage)
             ... on level 3 of the Dungeon.
             The game lasted 00:00:33 (1803 turns).

qw the Shooter (Minotaur Hexslinger)                Turns: 1803, Time: 00:00:33

Health: -8/37      AC:  5    Str: 12    XL:     4   Next: 2%
Magic:  4/4        EV:  8    Int: 10    God:
Gold:   100        SH:  0    Dex: 15    Spells: 4/5 levels left

rFire   . . .        Y - +2 sling
rCold   . . .        (no shield)
rNeg    . . .        k - +0 ring mail
rPois   .            (helmet restricted)
rElec   .            (no cloak)
rCorr   .            (no gloves)
SInv    .            (no boots)
Will    .....        (no amulet)
Stlth   +            (no ring)
HPRegen 0.26/turn    (no ring)
MPRegen 0.09/turn

%: no passive effects
@: constricted
A: horns 2, retaliatory headbutt
a: no special abilities


You were on level 3 of the Dungeon.
You visited 1 branch of the dungeon, and saw 3 of its levels.

You collected 100 gold pieces.


Innate Abilities, Weirdness & Mutations

You have a pair of horns on your head.
You reflexively headbutt those who attack you in melee.


   Skills:
 - Level 2.5 Fighting
 + Level 4.0 Ranged Weapons
 - Level 1.3 Armour
 - Level 2.1 Dodging
 - Level 1.0 Spellcasting
 - Level 2.0 Hexes


You had 4 spell levels left.
You knew the following spells:

 Your Spells              Type           Power      Damage    Failure   Level
a - Slow                  Hex            16%        N/A       32%         1

Your spell library contained the following spells:

 Spells                   Type           Power      Damage    Failure   Level
 Inner Flame              Hex/Fire       2%         N/A       83%         3
 Portal Projectile        Hex/Tloc       4%         N/A       83%         3
 Cause Fear               Hex            2%         N/A       97%         4

Inventory:

Hand Weapons
 Y - a +2 sling (weapon)
Armour
 k - a +0 ring mail (worn)
Jewellery
 b - a ring of willpower
Scrolls
 a - a scroll of identify
Potions
 g - 3 potions of curing
 h - 2 potions of might
 i - a potion of cancellation {unknown}
 j - a potion of degeneration {unknown}

Dungeon Overview and Level Annotations

Branches:
Dungeon (3/15)

Altars:


Message History

You shoot a sling bullet.
The sling bullet hits the gnoll but does no damage.
The gnoll is lightly wounded.
The gnoll barely misses you.
The gnoll hits you from afar with a +0 halberd.
You shoot a sling bullet.
The sling bullet barely misses the gnoll.
The gnoll hits you from afar with a +0 halberd.
You shoot a sling bullet. The sling bullet hits the gnoll.
The gnoll is heavily wounded.
The gnoll closely misses you.
You shoot a sling bullet. The sling bullet hits the gnoll.
The gnoll is heavily wounded.
The gnoll completely misses you. The gnoll closely misses you.
You shoot a sling bullet. The sling bullet hits the gnoll.
The gnoll is almost dead.
The gnoll closely misses you.
You shoot a sling bullet. The sling bullet hits the gnoll!
You kill the gnoll!
Your Armour skill increases to level 1!
You have reached level 4!
You feel agile.
You shoot a sling bullet.
The sling bullet barely misses the ball python.
The ball python closely misses you. The ball python grabs you.
The ball python constricts you.
You shoot a sling bullet.
The sling bullet closely misses the ball python.
The ball python barely misses you. You furiously retaliate!
You headbutt the ball python. The ball python constricts you.
The ball python bites you. The ball python constricts you.
You shoot a sling bullet.
The sling bullet closely misses the ball python.
The ball python bites you. The ball python constricts you.
The gnoll hits you but does no damage.
You shoot a sling bullet.
The sling bullet closely misses the ball python.
The ball python bites you but does no damage.
The ball python constricts you.
The gnoll hits you from afar with a +0 halberd!
You die...

.#.>.......#.#### ##.##
....######......###.#.##
.#..##.........)(..###.##
.#..##.###........## ##.#
.......# #.#.###.#.###.##
.#..#### #.#.#
#.##.#..##### .#....
..#.# #.###.......#
....## ####+# #.#
###.###.# .#### #@#####.#
.# #S......#
..g...g######.#


gS..... <.. ..../.. ... ....... ... ....... #...).# ##...# You could see a gnoll
and a ball python.

Vanquished Creatures
  A gnoll (D:3)
  2 adders (D:2)
  2 dart slugs (D:2)
  2 ball pythons
  3 endoplasms
  A giant cockroach (D:2)
  5 goblins
  3 hobgoblins
  2 jackals (D:2)
  4 kobolds
  A quokka (D:2)
  2 bats (D:2)
  A frilled lizard (D:1)
  7 rats
36 creatures vanquished.

Notes
Turn   | Place    | Note
-------+----------+-------------------------------------------
     0 | D:1      | qw the Minotaur Hexslinger began the quest for the Orb.
     0 | D:1      | Reached XP level 1. HP: 16/16 MP: 1/1
     0 | D:1      | 0 ||| qw: Version: 0.3-a-35-g05ef00e
     0 | D:1      | 0 ||| qw: Game counter: 7853
     0 | D:1      | 0 ||| qw: Melee chars always use a shield: true
     0 | D:1      | 0 ||| qw: God list: Okawaru
     0 | D:1      | 0 ||| qw: Allow faded altars: false
     0 | D:1      | 0 ||| qw: Do Orc after clearing Dungeon:15 true
     0 | D:1      | 0 ||| qw: Do second Lair branch before Depths: true
     0 | D:1      | 0 ||| qw: Lair rune preference: random
     0 | D:1      | 0 ||| qw: Goals: Normal
     0 | D:1      | 0 ||| PLANNING D:1-11
    20 | D:1      | 20 ||| FLEEEEING.
    21 | D:1      | 21 ||| FLEEEEING.
   293 | D:1      | Reached skill level 3 in Ranged Weapons
   293 | D:1      | Reached XP level 2. HP: 23/23 MP: 2/2
   825 | D:1      | 825 ||| UPGRADING to +0 leather armour.
   835 | D:1      | 835 ||| DROPPING +0 robe.
   836 | D:1      | 836 ||| UPGRADING to +0 ring mail.
   846 | D:1      | 846 ||| DROPPING +0 leather armour.
   847 | D:1      | 847 ||| READING 2 scrolls labelled PUGAOTZEECOU.
   848 | D:1      | 848 ||| READING 4 scrolls labelled NUAPHIORUI.
   849 | D:1      | 849 ||| DRINKING 3 bubbling orange potions.
   850 | D:1      | 850 ||| DROPPING scroll of poison.
   851 | D:1      | 851 ||| DROPPING 3 scrolls of revelation.
   948 | D:2      | Reached XP level 3. HP: 30/30 MP: 3/3
  1463 | D:2      | Found a faded altar of an unknown god.
  1500 | D:2      | Reached skill level 4 in Ranged Weapons
  1669 | D:2      | 1669 ||| DROPPING amulet of magic regeneration.
  1670 | D:2      | 1670 ||| READING scroll labelled GAIFATIMPI.
  1671 | D:2      | 1671 ||| READING scroll labelled JUDDAR NUSM.
  1674 | D:2      | 1674 ||| DRINKING 3 green potions.
  1675 | D:2      | 1675 ||| READING 2 scrolls of identify.
  1675 | D:2      | 1675 ||| IDENTIFYING viscous pink potion
  1676 | D:2      | 1676 ||| DROPPING potion of attraction.
  1735 | D:3      | Noticed a small abomination
  1763 | D:3      | Identified the +3 whip "Giesm" {flame, Int+3}
  1787 | D:3      | 1787 ||| Stepping ~*~*~tactically~*~*~ (outnumbered).
  1794 | D:3      | HP: 6/30 [gnoll/+0 halberd (6)]
  1800 | D:3      | Reached skill level 1 in Armour
  1800 | D:3      | Reached XP level 4. HP: 6/37 MP: 4/4
  1801 | D:3      | HP: 5/37 [constriction (1)]
  1803 | D:3      | Mangled by a gnoll

Levels and vault maps discovered:
D:1:      lemuel_arrival_broad_hall, layout_basic, serial_rivers,
          chequers_serial_rivers_micro_d, chequers_serial_rivers_large_b,
          chequers_serial_rivers_micro_e, chequers_serial_rivers_micro_b,
          chequers_serial_rivers_small_a, grunt_decor_fettered, eino_curves_01,
          chequers_avenue, hangedman_abyss_or_decor_stabs, minmay_cut_off
D:2:      layout_basic, basic_ecumenical_altar
D:3:      layout_loops_corners, gammafunk_ghost_abyssal_escape

Skill      XL: |  1  2  3 |
---------------+----------+-----
Ranged Weapons | 3 4 |  4.0
Fighting       | 2 |  2.5
Armour         | 1 |  1.3
Dodging        | |  2.1
Spellcasting   | |  1.0
Hexes          | |  2.0

Action                     |  1- 3 |  4- 6 || total
---------------------------+-------+-------++-------
   Fire: Sling             |   101 |     4 ||   105
    Use: Scroll            |     5 |       ||     5
         Potion            |     2 |       ||     2
 Armour: Ring mail         |    15 |     2 ||    17
         Robe              |     1 |       ||     1
  Dodge: Dodged            |    31 |     2 ||    33

Table legend:
 A = Non-vault XP
 B = Vault XP
 C = Vault XP percentage of total XP
 D = Non-vault monster count
 E = Vault monster count
 F = Vault count percentage of total count
                 A         B        C        D         E       F
            +---------+---------+-------+---------+---------+-------
      Total |      97 |       2 |   2.0 |      35 |       1 |   2.8
            +---------+---------+-------+---------+---------+-------
        D:1 |      17 |       2 |  10.5 |      10 |       1 |   9.1
        D:2 |      60 |       0 |   0.0 |      21 |       0 |   0.0
        D:3 |      20 |       0 |   0.0 |       4 |       0 |   0.0
            +---------+---------+-------+---------+---------+-------
